 Dungeon Crawl Stone Soup version 0.31-a0-675-g238779eb0a (webtiles) character file.

Game seed: 16135912109778944096

366 Gelion the Changeling (level 6, -3/42 HPs)
             Began as an Octopode Shapeshifter on Sept 6, 2023.
             Slain by a gnoll
             ... wielding a +0 spear
              (6 damage)
             ... on level 4 of the Dungeon.
             The game lasted 00:03:21 (2494 turns).

Gelion the Changeling (Octopode Shapeshifter)       Turns: 2494, Time: 00:03:22

Health: -3/42      AC:  1    Str: 13    XL:     6   Next: 68%
Magic:  6/6        EV: 13    Int: 12    God:
Gold:   157        SH:  0    Dex: 14    Spells: 5/5 levels left

rFire   . .          .
                       - Unarmed
rCold   . . .        (no shield)
rNeg    . . .        (helmet currently unavailable)
rPois   .            (no amulet)
rElec   .            (no ring)
rCorr   .            (no ring)
SInv    .            (no ring)
Will    .....        (no ring)
Stlth   ++           (no ring)
HPRegen 0.27/turn    (no ring)
MPRegen 0.10/turn    (no ring)
                     (no ring)

%: no passive effects
@: beast-form
A: beast (slay +3), almost no armour, amphibious, 8 rings, camouflage 1,
gelatinous body 1, (nimble swimmer 1), tentacles
a: Begin Untransformation


You were on level 4 of the Dungeon.
You were a hulking beast.
You visited 1 branch of the dungeon, and saw 4 of its levels.

You collected 157 gold pieces.

Inventory:

Armour
 e - a +0 hat
Talismans
 b - a beast talisman (active)
 c - a flux talisman
Scrolls
 f - a scroll of identify
 l - a scroll of silence
Potions
 a - 2 potions of lignification
 d - 2 potions of enlightenment
 g - a potion of mutation
 i - 2 potions of curing
 j - a potion of might {unknown}
 k - 3 potions of heal wounds
 r - a potion of berserk rage {unknown}
 s - a potion of attraction {unknown}


   Skills:
 + Level 3.2 Fighting
 - Level 2.0 Dodging
 + Level 4.4 Unarmed Combat
 * Level 5.2 Shapeshifting


You had 5 spell levels left.
You didn't know any spells.
Your spell library contained the following spells:

 Spells                   Type           Power      Damage    Failure   Level
 Kiss of Death            Conj/Necr      0%         2d5       32%         1
 Blink                    Tloc           0%         N/A       45%         2
 Lesser Beckoning         Tloc           0%         N/A       45%         2
 Momentum Strike          Conj/Tloc      0%         3d8       45%         2
 Confusing Touch          Hex            0%         N/A       69%         3
 Dispel Undead            Necr           0%         3d6       97%         4


Dungeon Overview and Level Annotations

Branches:
Dungeon (4/15)
 Temple: D:4-7

Altars:
Hepliaklqana

Shops:
D:3 (


Innate Abilities, Weirdness & Mutations

You are a hulking beast.
Your limbs bulge with bestial killing power. (Slay +3)
You cannot wear most types of armour.
You are amphibious.
You can wear up to eight rings at the same time.
Your skin changes colour to match your surroundings (Stealth+).
Your rubbery body absorbs attacks. (AC +1, EV +1)
((You are camouflaged when in or above water. (Stealth+)))
You have tentacles for arms and can constrict up to eight enemies at once.


Message History

You barely miss the gnoll. You squeeze the gnoll.
The gnoll is severely wounded.
You constrict the gnoll.
You kill the gnoll!
You barely miss the gnoll. You grab the gnoll. You constrict the gnoll.
The gnoll hits you but does no damage.
The gnoll struggles to escape constriction.
You tentacle-slap the gnoll.
The gnoll is heavily wounded.
You constrict the gnoll.
The gnoll hits you from afar with a +0 spear!
The gnoll struggles to escape constriction.
You tentacle-slap the gnoll. You squeeze the gnoll.
You kill the gnoll!
The gnoll hits you from afar with a +0 spear!
The gnoll closely misses you. The gnoll hits you with a +0 spear.
Things that are here:
a +0 whip; a +0 spear; a gnoll corpse You bludgeon the gnoll!
You grab the gnoll.
You tentacle-slap the gnoll, but do no damage.
The gnoll is severely wounded.
You constrict the gnoll. The gnoll hits you with a +0 spear!
The gnoll hits you with a +0 spear.
* * * LOW HITPOINT WARNING * * *
You are too injured to fight recklessly!
You are too injured to fight recklessly!
You tentacle-slap the gnoll.
The gnoll is almost dead.
You constrict the gnoll. You tentacle-slap the gnoll.
You kill the gnoll!
The gnoll misses you.
You closely miss the gnoll. You grab the gnoll. You constrict the gnoll.
The gnoll hits you with a +0 spear!
* * * LOW HITPOINT WARNING * * *
You tentacle-slap the gnoll.
The gnoll is moderately wounded.
You constrict the gnoll, but do no damage.
The gnoll hits you with a +0 spear.
You die...

...# ##...# ##....
#...[# .# ..##....#
###....##.## ...#......
#..........#
.........#####..)g......
...........?####h##
.............##...#...
.......................
........†..............
....#...<...............
....#...................
....................?...
......................##
.........#........##.##


You could see a gnoll.

Vanquished Creatures
  Sigmund (D:2)
  Jessica (D:2)
  Natasha (thrice) (D:2)
  3 gnolls (D:4)
  3 adders
  A worm (D:2)
  3 dart slugs
  4 bats
  6 endoplasms
  A giant cockroach (D:1)
  3 goblins
  2 hobgoblins (D:2)
  A quokka (D:1)
  4 ball pythons
  4 frilled lizards
  2 kobolds
  5 rats
47 creatures vanquished.

Notes
Turn   | Place    | Note
-------+----------+-------------------------------------------
     0 | D:1      | Gelion the Octopode Shapeshifter began the quest for the
                  | Orb.
     0 | D:1      | Reached XP level 1. HP: 13/13 MP: 1/1
   351 | D:1      | Reached XP level 2. HP: 16/18 MP: 2/2
   753 | D:2      | Noticed Sigmund
   760 | D:2      | Killed Sigmund
   760 | D:2      | Noticed Jessica
   761 | D:2      | Reached skill level 4 in Shapeshifting
   761 | D:2      | Reached XP level 3. HP: 25/25 MP: 3/3
   761 | D:2      | Reached XP level 4. HP: 30/30 MP: 4/4
   761 | D:2      | Reached XP level 5. HP: 35/35 MP: 5/5
   763 | D:2      | Killed Jessica
  1031 | D:2      | Noticed Natasha
  1035 | D:2      | Killed Natasha
  1036 | D:2      | Reached XP level 6. HP: 39/41 MP: 6/6
  1057 | D:2      | Found a faded altar of an unknown god.
  1566 | D:2      | Noticed Natasha
  1571 | D:2      | Killed Natasha
  1572 | D:2      | Reached skill level 5 in Shapeshifting
  1578 | D:2      | Noticed Natasha
  1583 | D:2      | Killed Natasha
  1697 | D:3      | Found Uthacs's Antique Weapon Emporium.
  2136 | D:3      | Found a hazy altar of Hepliaklqana.
  2494 | D:4      | Slain by a gnoll

Illustrated notes

Levels and vault maps discovered:
D:1:      beargit_arrival_greenhouse, layout_basic, minmay_misc_feat_chi,
          chequers_serial_rivers_room_a
D:2:      layout_loops_cross, basic_ecumenical_altar, uniq_jessica,
          uniq_sigmund, uniq_natasha
D:3:      layout_basic, mainiacjoe_overflow_alcove_1, serial_shops,
          nicolae_shop_overgrown_old_shop
D:4:      layout_cave_pools, uniq_blork_the_orc

Skill      XL: |  1  2  3  4  5  6 |
---------------+-------------------+-----
Fighting       | 2 3 |  3.2
Shapeshifting  | 4 5 |  5.2
Unarmed Combat | 4 |  4.4
Dodging        | |  2.0

Action                     |  1- 3 |  4- 6 || total
---------------------------+-------+-------++-------
  Melee: Unarmed           |    23 |    58 ||    81
         Constrict         |     4 |    20 ||    24
         Tentacles         |     2 |    20 ||    22
         Punch             |       |     3 ||     3
    Use: Scroll            |       |    11 ||    11
   Stab: Sleeping          |     4 |     7 ||    11
 Armour: Skin              |     9 |    27 ||    36
  Dodge: Dodged            |    13 |    23 ||    36

Table legend: (Time is in decaauts)
 A = Elapsed time spent in this place.
 B = Non-inter-level travel time spent in this place.
 C = Inter-level travel time spent in this place.
 D = Time resting spent in this place.
 E = Time spent auto-exploring this place.
 F = Levels seen in this place.
 G = Mean time per level.
                   A        B        C        D        E       F      G
               +--------+--------+--------+--------+--------+-----+--------+
         Total |   2487 |   2259 |    228 |     75 |   1894 |   4 |  621.8 |
       Dungeon |   2487 |   2259 |    228 |     75 |   1894 |   4 |  621.8 |
               +--------+--------+--------+--------+--------+-----+--------+

Top non-repeatable levels by time:
     D:2: 854 daAuts
     D:3: 832 daAuts
     D:1: 752 daAuts
     D:4: 48 daAuts
